 Dungeon Crawl Stone Soup version 0.25-a0-613-gf4b266557c (webtiles) character file.

Game seed: 16724694052857611911, levelgen mode: deterministic

438 Notrik the Skirmisher (level 6, -5/58 HPs)
             Began as a Minotaur Fighter on Mar 17, 2020.
             Slain by an ogre
             ... wielding a +0 giant club
              (9 damage)
             ... on level 3 of the Dungeon.
             The game lasted 00:06:56 (2294 turns).

Notrik the Skirmisher (Minotaur Fighter)            Turns: 2294, Time: 00:06:57

Health: -5/58      AC: 12    Str: 22    XL:     6   Next: 69%
Magic:  0/5        EV:  6    Int:  5    God:
Gold:   130        SH:  5    Dex: 10    Spells: 5/5 levels left

rFire    . . .     SeeInvis .   a - +0 war axe
rCold    . . .     Gourm    .   x - +0 buckler
rNeg     . . .     Faith    .   f - +0 plate armour
rPois    .         Spirit   +   (helmet restricted)
rElec    .         Reflect  .   y - scarf {Spirit}
rCorr    .         Harm     .   (no gloves)
MR       .....                  (no boots)
Stlth    ..........             (no amulet)
HPRegen  0.19/turn              (no ring)
MPRegen  0.09/turn              (no ring)

@: no status effects
A: retaliatory headbutt, horns 2
a: no special abilities


You were on level 3 of the Dungeon.
You were not hungry.

You visited 1 branch of the dungeon, and saw 4 of its levels.

You collected 130 gold pieces.

Inventory:

Hand Weapons
 a - a +0 war axe (weapon)
Armour
 b - a +0 scale mail
 c - a +0 kite shield
 f - a +0 plate armour (worn)
   (You found it on level 3 of the Dungeon)
 x - a +0 buckler (worn)
   (You found it on level 3 of the Dungeon)
 y - a scarf of spirit shield (worn)
   (You found it on level 3 of the Dungeon)
 z - a +0 cloak
   (You found it on level 3 of the Dungeon)
Jewellery
 r - an uncursed ring of wizardry {unknown}
   (You found it on level 2 of the Dungeon)
 t - a +3 ring of protection {unknown}
   (You found it on level 3 of the Dungeon)
 B - an uncursed ring of flight {unknown}
   (You found it on level 4 of the Dungeon)
Scrolls
 g - 3 scrolls of remove curse {@r2}
 h - a scroll of random uselessness {unknown}
 j - a scroll of blinking {unknown}
 k - a scroll of fear {unknown}
 l - a scroll of enchant weapon {unknown}
 m - 3 scrolls of identify {@r1}
 o - a scroll of teleportation {unknown}
 s - a scroll of noise {unknown}
 u - a scroll of magic mapping {unknown}
 w - a scroll of immolation {unknown}
Potions
 d - a potion of might
 i - a potion of mutation {unknown}
 n - 2 potions of haste {unknown}
 p - a potion of curing {unknown}
 q - 2 potions of lignification {unknown}
 v - a potion of brilliance {unknown}
Comestibles
 e - 3 rations {!d}
 A - 3 chunks of flesh


   Skills:
 * Level 6.4 Fighting
 + Level 4.4 Axes
 + Level 5.2 Armour
 + Level 5.2 Shields


You had 5 spell levels left.
You didn't know any spells.
Your spell library contained the following spells:

 Spells                   Type           Power        Failure   Level  Hunger
 Beastly Appendage        Tmut           #.....       100%        1    ##.....
 Sticks to Snakes         Tmut           #.......     100%        2    ###....
 Spider Form              Tmut/Pois      #.........   100%        3    ####...
 Ice Form                 Ice/Tmut       #.......     100%        4    #####..
 Blade Hands              Tmut           #.........   100%        5    ######.


Dungeon Overview and Level Annotations

Branches:
Dungeon (4/15)
 Temple: D:4-7

Altars:
Fedhas
Nemelex Xobeh
Vehumet
Yredelemnul
The Shining One

Annotations:
D:4 2 runed translucent doors, Crazy Yiuf


Innate Abilities, Weirdness & Mutations

You reflexively headbutt those who attack you in melee.
You have a pair of horns on your head.


Message History

Some of the chunks of flesh in your inventory have rotted away.
No target in view!
No target in view!
No target in view!
No target in view!
No target in view!
No target in view!
No target in view!
No target in view!
No target in view!
No target in view!
No target in view!
No target in view!
No target in view!
No target in view!
No target in view!
No target in view!
No target in view!
g - 3 scrolls of remove curse {@r2} (gained 1)
Found a mace.
Found a stone staircase leading down.
m - 3 scrolls of identify {@r1} (gained 1)
An ogre comes into view. It is wielding a +0 giant club.
The ogre shouts!
An ogre is nearby!
An ogre is nearby!
You hit the ogre. You block the ogre's attack.
You hit the ogre but do no damage. Your headbutt misses the ogre.
The ogre hits you with a +0 giant club!!
You completely miss the ogre. The ogre hits you with a +0 giant club!
* * * LOW HITPOINT WARNING * * *
Some of the chunks of flesh in your inventory have rotted away.
You see here a mace.
There is a stone staircase leading up here.
You climb upwards.
There is a stone staircase leading down here.
You climb downwards.
Level annotation: 2 runed translucent doors, Crazy Yiuf The ogre hits you with a +0 giant club.
There is a stone staircase leading up here.
The ogre hits you with a +0 giant club!
* * * LOW HITPOINT WARNING * * *
You climb upwards.
There is a stone staircase leading down here.
You slash the ogre! The ogre hits you with a +0 giant club!
* * * LOW HITPOINT WARNING * * *
You hit the ogre but do no damage. The ogre hits you with a +0 giant club!
* * * LOW HITPOINT WARNING * * *
Your plate armour prevents you from hitting the ogre.
The ogre hits you with a +0 giant club!
You die...

#.# #####.########.##.#
#.##
#.####...)..........##.#
#...
#......###.###########.#
###. ######### #.# #.# #.
...# #.# #.# #. ##.#
#.##### #.# #.
##)########.....## #.# #.
#.)..............######.#
#.
#.)#########.#.O@.......#
######. ...#
#.##."######## #......
##.# ##.).## #.##### #.#
###.# #.# #.# #.# #.# #.#
#.###########.# #.###
#.#...........# ##...##
#.#.########### .<....#
#.#.#


You could see an ogre.

Vanquished Creatures
  A howler monkey (D:4)
  2 bullfrog skeletons
  A hound (D:4)
  3 orc wizards (D:4)
  A human skeleton (D:4)
  3 worker ants (D:4)
  A hound skeleton (D:4)
  5 adders
  3 worms
  A leopard gecko (D:1)
  5 orcs
  A ball python (D:1)
  4 giant cockroaches
  8 goblins
  8 hobgoblins
  3 jackals (D:1)
  5 bats
  4 frilled lizards
  5 kobolds
  9 rats
73 creatures vanquished.

Notes
Turn   | Place    | Note
-------+----------+-------------------------------------------
     0 | D:1      | Notrik the Minotaur Fighter began the quest for the Orb.
     0 | D:1      | Reached XP level 1. HP: 19/19 MP: 0/0
   102 | D:1      | Reached XP level 2. HP: 27/27 MP: 1/1
   106 | D:1      | Reached skill level 4 in Fighting
   603 | D:1      | Reached XP level 3. HP: 28/33 MP: 2/2
  1179 | D:2      | Reached XP level 4. HP: 34/41 MP: 3/3
  1470 | D:3      | Reached skill level 5 in Fighting
  1530 | D:3      | Found a blossoming altar of Fedhas.
  1532 | D:3      | Found a basalt altar of Yredelemnul.
  1533 | D:3      | Found a radiant altar of Vehumet.
  1542 | D:3      | Reached XP level 5. HP: 48/48 MP: 4/4
  1627 | D:3      | Found a glowing golden altar of the Shining One.
  2039 | D:4      | Reached XP level 6. HP: 56/57 MP: 5/5
  2061 | D:4      | Found a runed translucent door.
  2061 | D:4      | Noticed a human
  2062 | D:4      | Found a basalt altar of Yredelemnul.
  2083 | D:4      | Reached skill level 6 in Fighting
  2083 | D:4      | Reached skill level 5 in Armour
  2105 | D:4      | Reached skill level 5 in Shields
  2156 | D:4      | Found a runed translucent door.
  2157 | D:4      | Noticed Crazy Yiuf
  2194 | D:4      | Found a sparkling altar of Nemelex Xobeh.
  2294 | D:3      | Slain by an ogre

Levels and vault maps discovered:
D:1:      shiori_arrival_elements, layout_basic
D:2:      layout_loops_ring
D:3:      layout_loops_ring, tso_oasis_becter, grunt_temple_overflow_open
D:4:      layout_rooms, nicolae_overflow_crystal_walls,
          amethyst_overflow_temple_binary, dk_yredelemnul_ordeal,
          uniq_crazy_yiuf_cottage

Skill      XL: |  1  2  3  4  5  6 |
---------------+-------------------+-----
Fighting       | 4 5 6 |  6.4
Shields        | 4 5 |  5.2
Armour         | 4 5 |  5.2
Axes           | 3 4 |  4.4

Action                   |  1- 3 |  4- 6 || total
-------------------------+-------+-------++-------
Melee: War axe           |    96 |   102 ||   198
       Headbutt          |    13 |    12 ||    25
  Use: Scroll            |       |     2 ||     2
  Eat: Chunk             |     1 |     4 ||     5
Armor: Scale mail        |    38 |    22 ||    60
       Plate armour      |       |    47 ||    47
Dodge: Dodged            |    28 |    31 ||    59
Block: Kite shield       |    62 |    12 ||    74
       Buckler           |       |    13 ||    13

Table legend:
 A = Non-vault XP
 B = Vault XP
 C = Vault XP percentage of total XP
 D = Non-vault monster count
 E = Vault monster count
 F = Vault count percentage of total count
                 A         B        C        D         E       F
            +---------+---------+-------+---------+---------+-------
      Total |     588 |      39 |   6.2 |      72 |       1 |   1.4
            +---------+---------+-------+---------+---------+-------
        D:1 |      49 |       0 |   0.0 |      32 |       0 |   0.0
        D:2 |      77 |       0 |   0.0 |      14 |       0 |   0.0
        D:3 |      79 |       0 |   0.0 |      12 |       0 |   0.0
        D:4 |     383 |      39 |   9.2 |      14 |       1 |   6.7
            +---------+---------+-------+---------+---------+-------
